 Dungeon Crawl Stone Soup version 0.27-a0-1529-g1e82c303ef (webtiles) character file.

Game seed: 6807478198222784504

105 avis the Insei (level 4, -12/31 HPs)
             Began as an Octopode Transmuter on July 12, 2021.
             Killed by divine providence
             ... invoked by an orc priest
              (17 damage)
             ... on level 3 of the Dungeon.
             The game lasted 00:16:04 (2889 turns).

avis the Insei (Octopode Transmuter)                Turns: 2889, Time: 00:16:05

Health: -12/31     AC:  2    Str: 10    XL:     4   Next: 81%
Magic:  5/7        EV: 19    Int: 15    God:
Gold:   100        SH:  0    Dex: 17    Spells: 3/7 levels left

rFire    x . .     SeeInvis .     - Unarmed
rCold    + . .     Faith    .   (shield currently unavailable)
rNeg     . . .     Spirit   .   (helmet currently unavailable)
rPois    x         Reflect  .   (no amulet)
rElec    .         Harm     .   o - ring of resist corrosion
rCorr    +         Rampage  .   t - ring of ice
Will     .....                  (no ring)
Stlth    ++........             (no ring)
HPRegen  0.10/turn              (no ring)
MPRegen  0.10/turn              (no ring)
                                (no ring)
                                (no ring)

@: spider-form (expiring)
A: venomous fangs, almost no armour, (amphibious), 8 rings, tiny, (camouflage
1), (gelatinous body 1), (nimble swimmer 1), (tentacles)
a: End Transformation


You were on level 3 of the Dungeon.
You were a venomous arachnid creature.
You visited 1 branch of the dungeon, and saw 3 of its levels.

You collected 100 gold pieces.

Inventory:

Hand Weapons
 a - a +1 rapier of speed
 b - a +0 hunting sling (melded)
Missiles
 c - 2 atropa-tipped darts
 f - 142 stones
 j - 20 poisoned darts
 k - 24 bolts
 m - 15 sling bullets
Armour
 i - a +0 buckler
Jewellery
 o - a ring of resist corrosion (left front leg)
 t - a ring of ice (right front leg)
Scrolls
 d - 2 scrolls of teleportation {unknown}
 e - 5 scrolls of identify {unknown}
 q - a scroll of enchant armour {unknown}
 s - a scroll of enchant weapon {unknown}
Potions
 g - a potion of brilliance {unknown}
 h - a potion of cancellation {unknown}
 l - a potion of magic {unknown}
 n - a potion of flight {unknown}
 p - 3 potions of lignification {unknown}
 r - a potion of attraction {unknown}
 u - a potion of invisibility {unknown}


   Skills:
 - Level 3.0 Fighting
 - Level 2.0 Dodging
 - Level 2.0 Stealth
 * Level 3.7 Unarmed Combat
 - Level 2.0 Spellcasting
 - Level 2.0 Transmutations
 - Level 2.0 Poison Magic


You had 3 spell levels left.
You knew the following spells:

 Your Spells              Type           Power      Damage    Failure   Level
a - Beastly Appendage     Tmut           14%        N/A       24%         1
p - Spider Form           Tmut/Pois      3%         N/A       50%         3

Your spell library contained the following spells:

 Spells                   Type           Power      Damage    Failure   Level
 Wereblood                Tmut           7%         N/A       32%         2
 Ice Form                 Ice/Tmut       6%         N/A       93%         4
 Fulminant Prism          Conj/Hex       0%         3d6       98%         4
 Iskenderun's Mystic Bla  Conj/Tloc      1%         2d3       98%         4
 Lee's Rapid Deconstruct  Erth           0%         3d5*      100%        5


Dungeon Overview and Level Annotations

Branches:
Dungeon (3/15)

Altars:
Vehumet

Annotations:
D:3 1 transporter, Nausicaa's ghost, weakling VSTm


Innate Abilities, Weirdness & Mutations

You are a venomous arachnid creature.
You have poisonous fangs.
You are tiny and dextrous.
Your spellcasting is less reliable in this form.
Your armour is entirely melded.
You are incapable of wielding weapons or throwing items.
You cannot wear most types of armour.
((You are amphibious.))
You can wear up to eight rings at the same time.
((Your skin changes colour to match your surroundings (Stealth+).))
((Your rubbery body absorbs attacks. (AC +1, EV +1)))
((You are camouflaged near water. (Stealth+)))
((You have tentacles for arms and can constrict up to eight enemies at once.))


Message History

The orc shouts!
The orc priest shouts!
The orc shouts!
The orc priest invokes the aid of Beogh against you.
Beogh smites you!
The orc priest looks braver for a moment.
Casting: Beastly Appendage (safe; 10% risk of failure)
Confirm with . or Enter, or press ? or * to list all spells.
The spell is quite dangerous to cast (28% risk of failure)!
Continue anyway?
You turn into a venomous arachnid creature.
Your +0 hunting sling melds into your body.
The orc shouts!
The orc completely misses you.
You bite the orc!
You kill the orc!
The orc completely misses you.
Things that are here:
a +0 flail; an orc corpse You hit the orc.
The orc is poisoned.
The orc is moderately wounded.
The orc barely misses you.
You hit the orc.
You kill the orc!
Your transformation is almost over.
The orc hits you with a +0 hand axe.
Things that are here:
a +0 whip; 2 boomerangs You hit the orc but do no damage.
The orc is poisoned.
The orc closely misses you.
You hit the orc but do no damage.
The orc looks as sick as possible!
The orc hits you with a +0 hand axe.
You hit the orc.
The orc looks as sick as possible!
The orc is almost dead.
You kill the orc!
The orc priest calls down the wrath of Beogh upon you.
Pain shoots through your body!
* * * LOW HITPOINT WARNING * * *
You completely miss the orc. The orc completely misses you.
The orc priest calls down the wrath of Beogh upon you.
Beogh smites you!
Ouch! That really hurt!
You die...

...........#.# #.# ##.#.....
...........#.# #.# #.####.#
...........#.# #.# #......#
###'########.###.######.
##.###†#
#.#.............(..............
#.#.######.....................
#.....# #####.######.####..#.#
###.#.# #)# #..#.# #.#.# #s#
....... #.#.# #o# .###...#
#.#.# ..o #...# #.#.# ##.##
#.... #.#.. ... # ..### #.. #.#
..# #.. .. #..# #. ##. ... #..


You could see an orc priest and an orc.

Vanquished Creatures
  2 adders
  A white imp (D:3)
  3 dart slugs
  3 orcs (D:3)
  3 ball pythons
  8 endoplasms
  4 giant cockroaches
  4 goblins
  7 hobgoblins
  8 jackals
  5 kobolds
  4 quokkas
  5 bats
  2 frilled lizards (D:3)
  2 rats
61 creatures vanquished.

Vanquished Creatures (others)
  3 plants (D:2)
3 creatures vanquished.

Grand Total: 64 creatures vanquished

Notes
Turn   | Place    | Note
-------+----------+-------------------------------------------
     0 | D:1      | avis the Octopode Transmuter began the quest for the Orb.
     0 | D:1      | Reached XP level 1. HP: 13/13 MP: 3/3
   142 | D:1      | Reached skill level 1 in Stealth
   189 | D:1      | Reached XP level 2. HP: 14/18 MP: 3/5
   648 | D:1      | Reached XP level 3. HP: 25/25 MP: 6/6
   652 | D:1      | Learned a level 3 spell: Spider Form
  1110 | D:1      | Found a faded altar of an unknown god.
  1666 | D:2      | Reached skill level 1 in Poison Magic
  1822 | D:2      | Found a radiant altar of Vehumet.
  1857 | D:2      | Reached XP level 4. HP: 31/31 MP: 7/7
  2449 | D:3      | Noticed Nausicaa's ghost (weakling VSTm)
  2449 | D:3      | Noticed a necrophage
  2451 | D:3      | Found a transporter.
  2889 | D:3      | Killed from afar by an orc priest

Illustrated notes

Levels and vault maps discovered:
D:1:      dpeg_arrival_rhombus, layout_basic,
          shapermc_ecumenical_altar_mp_highgroup, hangedman_decor_lopped
D:2:      layout_basic, basic_altar, skrybe_limestone_x, serial_bayou_crossing
D:3:      layout_basic, gammafunk_ghost_arena, minmay_goblin_kobold_house

Skill      XL: |  1  2  3  4 |
---------------+-------------+-----
Stealth        | 2 |  2.0
Fighting       | 2 3 |  3.0
Poison Magic   | 1 2 |  2.0
Dodging        | |  2.0
Unarmed Combat | |  3.7
Spellcasting   | |  2.0
Transmutations | |  2.0

Action                   |  1- 3 |  4- 6 || total
-------------------------+-------+-------++-------
Melee: Unarmed           |    33 |    30 ||    63
       Constrict         |    14 |     3 ||    17
       Kick              |    10 |     3 ||    13
       Tentacles         |     4 |     2 ||     6
       Rapier            |    20 |    17 ||    37
       Punch             |     1 |       ||     1
 Fire: Hunting sling     |    43 |    13 ||    56
 Cast: Beastly Appendage |    19 |     7 ||    26
       Spider Form       |     1 |     7 ||     8
 Stab: Sleeping          |     7 |     3 ||    10
Armor: Skin              |     2 |     3 ||     5
Dodge: Dodged            |    34 |    21 ||    55

Table legend: (Time is in decaauts)
 A = Elapsed time spent in this place.
 B = Non-inter-level travel time spent in this place.
 C = Inter-level travel time spent in this place.
 D = Time resting spent in this place.
 E = Time spent auto-exploring this place.
 F = Levels seen in this place.
 G = Mean time per level.
                   A        B        C        D        E       F      G
               +--------+--------+--------+--------+--------+-----+--------+
         Total |   2878 |   2655 |    223 |    659 |   1199 |   3 |  959.3 |
       Dungeon |   2878 |   2655 |    223 |    659 |   1199 |   3 |  959.3 |
               +--------+--------+--------+--------+--------+-----+--------+

Top non-repeatable levels by time:
     D:1: 1360 daAuts
     D:2: 835 daAuts
     D:3: 683 daAuts
